 Dungeon Crawl Stone Soup version 0.31-a0-167-g1c394c0614 (webtiles) character file.

Game seed: 1422085155677067625

76 qw the Shooter (level 4, -1/28 HPs)
             Began as a Gargoyle Hunter on June 14, 2023.
             Slain by a goblin
             ... wielding a +0 club
             ... led by Robin
              (3 damage)
             ... on level 2 of the Dungeon.
             The game lasted 00:00:29 (887 turns).

qw the Shooter (Gargoyle Hunter)                     Turns: 887, Time: 00:00:30

Health: -1/28      AC:  6    Str: 15    XL:     4   Next: 32%
Magic:  4/4        EV: 11    Int:  9    God:
Gold:   42         SH:  0    Dex: 15    Spells: 3/3 levels left

rFire   . . .        Y - +0 shortbow
rCold   . . .        (shield currently unavailable)
rNeg    + . .        c - +0 leather armour
rPois   inf          (no helmet)
rElec   +            (no cloak)
rCorr   .            (no gloves)
SInv    .            (no boots)
Will    .....        f - amulet of the acrobat
Stlth   ++           (no ring)
HPRegen 0.24/turn    (no ring)
MPRegen 0.09/turn

%: acrobat
@: no status effects
A: sickness immunity, AC +3, negative energy resistance 1, electricity
resistance, torment resistance 1, petrification resistance
a: no special abilities


You were on level 2 of the Dungeon.
You visited 1 branch of the dungeon, and saw 2 of its levels.

You collected 42 gold pieces.


Innate Abilities, Weirdness & Mutations

You are immune to sickness and miasma.
Your stone body is resilient. (AC +3)
You are immune to poison.
You resist negative energy. (rN+)
You are resistant to electric shocks. (rElec)
You are resistant to unholy torment.
You are immune to petrification.


   Skills:
 - Level 3.1 Fighting
 + Level 5.2 Ranged Weapons
 - Level 1.5 Dodging
 - Level 1.1 Stealth


You had 3 spell levels left.
You didn't know any spells.
Your spell library was empty.

Inventory:

Hand Weapons
 Y - a +0 shortbow (weapon)
Armour
 c - a +0 leather armour (worn)
Jewellery
 f - an amulet of the acrobat (around neck)
Scrolls
 b - 4 scrolls of identify {unknown}
 g - a scroll of amnesia {unknown}
Potions
 a - a potion of curing {unknown}
 e - a potion of lignification {unknown}
 h - a potion of might {unknown}
 i - a potion of ambrosia {unknown}

Dungeon Overview and Level Annotations

Branches:
Dungeon (2/15)

Altars:
Uskayaw


Message History

The goblin hits you with a +0 dagger. The hobgoblin barely misses you.
The hobgoblin hits you. The goblin closely misses you.
The goblin barely misses you.
An endoplasm comes into view.
The goblin hits you but does no damage. The hobgoblin barely misses you.
The hobgoblin hits you but does no damage.
Robin hits you but does no damage. The goblin hits you with a +0 dagger.
The goblin closely misses you.
The endoplasm moves out of view.
You shoot an arrow. The arrow completely misses Robin.
The goblin hits you but does no damage. The goblin barely misses you.
The hobgoblin hits you. The hobgoblin closely misses you.
Robin closely misses you. The goblin closely misses you.
You shoot an arrow. The endoplasm quivers.
The arrow hits Robin.
Robin is severely wounded.
Robin hits you but does no damage. The hobgoblin misses you.
The goblin hits you but does no damage. The hobgoblin barely misses you.
The goblin closely misses you. The goblin hits you but does no damage.
You shoot an arrow. The arrow hits Robin.
Robin is almost dead.
Robin hits you but does no damage. The goblin closely misses you.
The hobgoblin misses you. The hobgoblin barely misses you.
The goblin misses you. The goblin hits you but does no damage.
You shoot an arrow. The arrow hits Robin.
You kill Robin!
The goblin no longer looks unusually strong.
The goblin closely misses you. x2; The hobgoblin hits you. x2
The goblin closely misses you.
You shoot an arrow.
The arrow hits the hobgoblin but does no damage.
The hobgoblin no longer looks unusually strong.
The goblin misses you. The goblin hits you but does no damage.
The hobgoblin barely misses you.
The hobgoblin hits you but does no damage.
The goblin barely misses you.
You shoot an arrow. The arrow hits the hobgoblin.
The hobgoblin is moderately wounded.
The hobgoblin hits you. The goblin hits you with a +0 club.
You die...

#. ### #.# #.(..
#.....##.# #...#
#.##.##.# #...#
#.......# #...# .
......####...######.# #
#.#..).............# ##
#..........ggg......
##.##.#.......Jg@).)).)#
##.......####..g######.?
#####.#### #...# ...<..#
#...# ...##.#######...#
.#.##.#......%..####
......#.####.......#
.#.####>####...###.#
.#.####.##.....###.#


You could see an endoplasm, 2 hobgoblins and 3 goblins.

Vanquished Creatures
  Robin (D:2)
  An adder (D:2)
  2 dart slugs (D:1)
  6 bats
  2 endoplasms (D:1)
  10 goblins
  4 hobgoblins
  3 jackals (D:1)
  5 kobolds
  A quokka (D:1)
  6 ball pythons (D:1)
  7 frilled lizards
  A rat (D:1)
49 creatures vanquished.

Notes
Turn   | Place    | Note
-------+----------+-------------------------------------------
     0 | D:1      | qw the Gargoyle Hunter began the quest for the Orb.
     0 | D:1      | Reached XP level 1. HP: 12/12 MP: 1/1
     0 | D:1      | 0 ||| qw: Version: 0.2-a-29-g1fa15c8
     0 | D:1      | 0 ||| qw: Game counter: 4869
     0 | D:1      | 0 ||| qw: Always use a shield: true
     0 | D:1      | 0 ||| qw: God list: Okawaru
     0 | D:1      | 0 ||| qw: Allow faded altars: false
     0 | D:1      | 0 ||| qw: Do Orc after D:15 true
     0 | D:1      | 0 ||| qw: Do second Lair branch before Depths: true
     0 | D:1      | 0 ||| qw: Lair rune preference: random
     0 | D:1      | 0 ||| qw: Plans: Normal, Zot:1-4, Slime:5, God:TSO, Crypt,
                  | Tomb, Abyss, Pan, Hells, Win
     0 | D:1      | 0 ||| PLANNING D:1-11
    46 | D:1      | Reached XP level 2. HP: 16/17 MP: 2/2
   147 | D:1      | 147 ||| DROPPING +4 sling.
   163 | D:1      | Reached XP level 3. HP: 21/21 MP: 3/3
   214 | D:1      | Reached skill level 5 in Ranged Weapons
   658 | D:1      | 658 ||| UPGRADING to amulet of the acrobat.
   663 | D:1      | 663 ||| READING scroll labelled EZEOCI QEGGU.
   664 | D:1      | 664 ||| DRINKING 3 smoky purple potions.
   665 | D:1      | 665 ||| DROPPING scroll of butterflies.
   739 | D:2      | Reached skill level 3 in Fighting
   762 | D:2      | Found a hide-covered altar of Uskayaw.
   860 | D:2      | Reached XP level 4. HP: 28/28 MP: 4/4
   862 | D:2      | Noticed Robin
   869 | D:2      | HP: 7/28 [hobgoblin[Robin] (6)]
   870 | D:2      | 870 ||| DRINKING 2 potions of heal wounds.
   876 | D:2      | HP: 7/28 [Robin/+0 dagger (4)]
   876 | D:2      | HP: 1/28 [hobgoblin[Robin] (6)]
   877 | D:2      | 877 ||| DRINKING potion of heal wounds.
   885 | D:2      | Killed Robin
   885 | D:2      | HP: 5/28 [hobgoblin[Robin] (3)]
   887 | D:2      | HP: 2/28 [hobgoblin[Robin] (3)]
   887 | D:2      | Slain by a goblin

Levels and vault maps discovered:
D:1:      spicycebolla_arrival_clurvy, layout_rooms, minmay_misc_feat_room,
          roderic_lattice_a
D:2:      layout_loops_cross, basic_altar, uniq_natasha, uniq_robin

Skill      XL: |  1  2  3 |
---------------+----------+-----
Ranged Weapons | 5 |  5.2
Fighting       | 3 |  3.1
Dodging        | |  1.5
Stealth        | |  1.1

Action                     |  1- 3 |  4- 6 || total
---------------------------+-------+-------++-------
   Fire: Shortbow          |   102 |    26 ||   128
    Use: Potion            |     1 |     2 ||     3
         Scroll            |     1 |       ||     1
 Armour: Leather armour    |    16 |    37 ||    53
  Dodge: Dodged            |    22 |    62 ||    84

Table legend:
 A = Non-vault XP
 B = Vault XP
 C = Vault XP percentage of total XP
 D = Non-vault monster count
 E = Vault monster count
 F = Vault count percentage of total count
                 A         B        C        D         E       F
            +---------+---------+-------+---------+---------+-------
      Total |      81 |      28 |  25.7 |      41 |       8 |  16.3
            +---------+---------+-------+---------+---------+-------
        D:1 |      60 |       0 |   0.0 |      34 |       0 |   0.0
        D:2 |      21 |      28 |  57.1 |       7 |       8 |  53.3
            +---------+---------+-------+---------+---------+-------
